 Dungeon Crawl Stone Soup version 0.27.1-2-g3b301248ec (webtiles) character file.

Game seed: 14202414069227982720

4 Mesmaeker13 the Caller (level 1, 0/10 (13) HPs)
             Began as a Barachi Summoner on Sept 28, 2021.
             Slain by a goblin (1 damage)
             ... on level 1 of the Dungeon.
             The game lasted 00:00:21 (232 turns).

Mesmaeker13 the Caller (Barachi Summoner)            Turns: 232, Time: 00:00:22

HP:   0/10 (13)     AC:  2    Str:  9    XL:     1   Next: 60%
MP:   0/3           EV: 12    Int: 15    God:
Gold: 7             SH:  0    Dex: 12    Spells: 3/4 levels left

rFire    . . .     SeeInvis .   (no weapon)
rCold    . . .     Faith    .   (no shield)
rNeg     . . .     Spirit   .   a - +0 robe
rPois    .         Reflect  .   (no helmet)
rElec    .         Harm     .   (no cloak)
rCorr    .         Rampage  .   (no gloves)
Will     .....                  (no boots)
Stlth    ++........             (no amulet)
HPRegen  0.03/turn              (no ring)
MPRegen  0.08/turn              (no ring)

@: heavily drained, slow
A: amphibious, slowness 1, strong legs 1, +LOS
a: Hop


You were on level 1 of the Dungeon.
You visited 1 branch of the dungeon, and saw 1 of its levels.

You collected 7 gold pieces.

Inventory:

Armour
 a - a +0 robe (worn)


   Skills:
 + Level 2.3 Dodging
 - Level 1.7 Stealth
 + Level 2.3 Spellcasting
 + Level 4.9 Summonings


You had 3 spell levels left.
You knew the following spells:

 Your Spells              Type           Power      Damage    Failure   Level
a - Summon Small Mammal   Summ           64%        N/A       2%          1

Your spell library contained the following spells:

 Spells                   Type           Power      Damage    Failure   Level
 Call Imp                 Summ           16%        N/A       4%          2
 Call Canine Familiar     Summ           16%        N/A       9%          3
 Summon Guardian Golem    Hex/Summ       9%         N/A       24%         3
 Summon Lightning Spire   Summ/Air       9%         N/A       61%         4


Dungeon Overview and Level Annotations

Branches:
Dungeon (1/15)

Altars:


Innate Abilities, Weirdness & Mutations

You are amphibious.
You cover ground slowly.
You can hop short distances.
You have an extended range of vision and can be seen from far away.


Message History

Your bat completely misses the goblin.
Your bat hits the goblin. The goblin completely misses your bat.
Your bat closely misses the goblin.
You hit the goblin.
The goblin is severely wounded.
Your bat closely misses the goblin.
Your quokka bites the goblin.
The goblin dies!
Things that are here:
a +0 club; a goblin corpse Your quokka disappears in a puff of smoke!
Your quokka disappears in a puff of smoke!
Your bat disappears in a puff of smoke!
Things that are here:
a ball python corpse; a hobgoblin corpse
Things that are here:
a +0 club; a goblin corpse A goblin comes into view.
It is wielding a +0 dagger of draining.
Found a hand axe.
The goblin shouts!
A goblin is nearby!
Casting: Summon Small Mammal (safe; 2% risk of failure)
Confirm with . or Enter, or press ? or * to list all spells.
Your rat completely misses the goblin.
The goblin barely misses you.
Casting: Summon Small Mammal (safe; 2% risk of failure)
Confirm with . or Enter, or press ? or * to list all spells.
Your rat closely misses the goblin.
The goblin hits you with a +0 dagger of draining.
You feel drained.
Your rat barely misses the goblin.
The goblin hits you with a +0 dagger of draining.
You feel drained.
Your rat barely misses the goblin.
Your rat barely misses the goblin.
Casting: Summon Small Mammal (safe; 2% risk of failure)
Confirm with . or Enter, or press ? or * to list all spells.
The goblin closely misses you.
Your rat bites the goblin.
The goblin hits you with a +0 dagger of draining.
* * * LOW HITPOINT WARNING * * *
You feel drained.
You die...

..........# #.# ## ##.##
#.# ). ####.#.####.# #.
#...###.....## #.
#.##.#.###.... #.
##.###......... #.
#..........>...
##.##.#####.#.########)##
#....rrg@b...........†.#
.....##.#####.#.########.##
.# #. #.#.# #... #. #.#.#
#... #. #.#.# #... .. #.#.#
##.. ## ..#.# ### ###


You could see a goblin (ally target), a friendly bat (summoned) and 2 friendly
rats.

Vanquished Creatures (collateral kills)
  A ball python (D:1)
  A bat (D:1)
  A goblin (D:1)
  A hobgoblin (D:1)
  A kobold (D:1)
5 creatures vanquished.

Notes
Turn   | Place    | Note
-------+----------+-------------------------------------------
     0 | D:1      | Mesmaeker13 the Barachi Summoner began the quest for the
                  | Orb.
     0 | D:1      | Reached XP level 1. HP: 13/13 MP: 3/3
   232 | D:1      | Slain by a goblin

Illustrated notes

Levels and vault maps discovered:
D:1:      dpeg_arrival_rooms_b, layout_loops_ring

Action                   || total
-------------------------++-------
Melee: Unarmed           ||     6
 Cast: Summon Small Mamm ||     9
Armor: Robe              ||     5
Dodge: Dodged            ||    15
